 Dungeon Crawl Stone Soup version 0.23.1 (webtiles) character file.

Game seed: 17398099143959030211

1312 Gadfly the Spear-Bearer (level 8, -5/78 HPs)
             Began as an Ogre Fighter on Mar 2, 2019.
             Slain by Duvessa
             ... wielding a +0 short sword
              (8 damage)
             ... on level 4 of the Dungeon.
             The game lasted 00:07:08 (5000 turns).

Gadfly the Spear-Bearer (Ogre Fighter)              Turns: 5000, Time: 00:07:08

Health: -5/78      AC:  3    Str: 22    XL:     8   Next: 58%
Magic:  8/8        EV:  8    Int:  9    God:
Gold:   257        SH:  9    Dex:  9    Spells: 7/7 levels left

rFire    + . .     SeeInvis .   a - +1 trident
rCold    + . .     Gourm    .   c - +1 shield
rNeg     . . .     Faith    .   b - +0 robe
rPois    +         Spirit   .   (helmet restricted)
rElec    +         Reflect  .   (no cloak)
rCorr    +         Harm     .   (gloves unavailable)
MR       .....                  (boots unavailable)
Stlth    +.........             (no amulet)
HPRegen  0.23/turn              q - ring of poison resistance
MPRegen  0.11/turn              d - +1 ring of slaying

@: resistant, hasted, very quick
A: large, unfitting armour, tough skin 1
a: no special abilities


You were on level 4 of the Dungeon.
You were near starving.

You visited 1 branch of the dungeon, and saw 5 of its levels.

You collected 257 gold pieces.

Inventory:

Hand Weapons
 a - a +1 trident (weapon)
 l - a +0 dire flail of crushing
Missiles
 e - 185 stones (quivered)
 g - 10 tomahawks
Armour
 b - a +0 robe (worn)
 c - a +1 shield (worn)
Jewellery
 d - a +1 ring of slaying (right hand)
 q - a ring of poison resistance (left hand)
Scrolls
 h - 3 scrolls of remove curse
 o - a scroll of identify
Potions
 i - 5 potions of curing
 k - 2 potions of brilliance
 m - a potion of haste
 n - a potion of agility
Comestibles
 f - 8 rations


   Skills:
 - Level 4.0 Fighting
 * Level 9.6 Polearms
 - Level 3.5 Throwing
 - Level 2.6 Dodging
 - Level 2.6 Shields


You had 7 spell levels left.
You didn't know any spells.
Your spell library was empty.

Dungeon Overview and Level Annotations

Branches:
Dungeon (5/15)
 Temple: D:4-7

Altars:
Hepliaklqana
Kikubaaqudgha
Makhleb
Nemelex Xobeh
Trog

Annotations:
D:4 Duvessa


Innate Abilities, Weirdness & Mutations

You are too large for most types of armour.
You have tough skin. (AC +1)


Message History

* * * LOW HITPOINT WARNING * * *
You hit Duvessa.
Duvessa is lightly wounded.
Duvessa hits you with a +0 short sword.
* * * LOW HITPOINT WARNING * * *
Unknown command.
Okay, then.
Evoke which item? (* to show all) (? for menu, Esc to quit)
Okay, then.
You feel better.
Duvessa is no longer berserk.
Duvessa hits you with a +0 short sword.
* * * LOW HITPOINT WARNING * * *
You hit Duvessa but do no damage.
Duvessa is lightly wounded.
You closely miss Duvessa.
Duvessa is lightly wounded.
You puncture Duvessa!
Duvessa is moderately wounded.
Duvessa hits you with a +0 short sword!
You die...

#.# #.......#.# # #.#
#.......#.# # #.##
#......##.### #..#
#......##.#.. ##.#
#.........#.# ##.##
###########.# #...#
#.... #...#
#########.#.#
####..@####.......#.#..
#.....e...#.#####.#.###
#.....>...#.#####.#.#
#.........#.##......#
####...#.......##.###
#...####>#####.# #...#
#.......# #####
######### # #


You could see Duvessa.

Vanquished Creatures
  Grinder (D:3)
  Edmund (D:4)
  A water moccasin (D:5)
  2 ice beasts (D:5)
  An ogre (D:4)
  A centaur (D:5)
  Dowan (D:5)
  A howler monkey (D:4)
  A hound (D:4)
  A centaur zombie (D:5)
  5 orc wizards
  2 centaur skeletons (D:4)
  An orc priest (D:4)
  4 adders
  2 oozes (D:1)
  An adder zombie (D:4)
  5 worms
  6 dart slugs
  3 leopard geckos
  13 orcs
  9 bats
  5 giant cockroaches
  8 goblins
  7 hobgoblins
  3 jackals (D:3)
  9 kobolds
  A ball python (D:3)
  7 frilled lizards
  7 rats
  2 plants (D:3)
111 creatures vanquished.

Notes
Turn   | Place    | Note
-------+----------+-------------------------------------------
     0 | D:1      | Gadfly the Ogre Fighter began the quest for the Orb.
     0 | D:1      | Reached XP level 1. HP: 24/24 MP: 1/1
   170 | D:1      | Reached XP level 2. HP: 32/32 MP: 2/2
   201 | D:1      | Reached skill level 1 in Throwing
   253 | D:1      | Reached skill level 3 in Polearms
   261 | D:1      | Reached XP level 3. HP: 37/39 MP: 3/3
  1006 | D:2      | Found a hazy altar of Hepliaklqana.
  1042 | D:2      | Found a burning altar of Makhleb.
  1115 | D:2      | Found a sparkling altar of Nemelex Xobeh.
  1189 | D:2      | Reached XP level 4. HP: 31/48 MP: 4/4
  1372 | D:2      | Reached skill level 4 in Polearms
  1383 | D:2      | Reached XP level 5. HP: 17/54 MP: 5/5
  2439 | D:3      | Found an ancient bone altar of Kikubaaqudgha.
  2439 | D:3      | Noticed Grinder
  2442 | D:3      | Paralysed by Grinder for 5 turns
  2450 | D:3      | Paralysed by Grinder for 6 turns
  2472 | D:3      | Killed Grinder
  2472 | D:3      | Reached skill level 5 in Polearms
  2472 | D:3      | Reached XP level 6. HP: 4/62 MP: 6/6
  3240 | D:4      | Reached skill level 6 in Polearms
  3246 | D:4      | Reached XP level 7. HP: 58/70 MP: 7/7
  3277 | D:4      | HP: 1/70 [something/magic dart (5)]
  3609 | D:4      | Reached skill level 7 in Polearms
  3988 | D:4      | Noticed Edmund
  4005 | D:4      | Killed Edmund
  4005 | D:4      | Reached skill level 8 in Polearms
  4005 | D:4      | Reached XP level 8. HP: 50/78 MP: 8/8
  4131 | D:4      | Found a bloodstained altar of Trog.
  4289 | D:5      | Entered Level 5 of the Dungeon
  4638 | D:5      | Reached skill level 9 in Polearms
  4959 | D:5      | Noticed Dowan
  4960 | D:5      | Noticed Duvessa
  4969 | D:5      | Killed Dowan
  4996 | D:4      | HP: 3/78 [Duvessa/+0 short sword (6)]
  5000 | D:4      | Slain by Duvessa

Skill      XL: |  1  2  3  4  5  6  7  8 |
---------------+-------------------------+-----
Throwing       | 1 2 3 |  3.5
Polearms       | 3 4 5 6 8 9 |  9.6
Fighting       | |  4.0
Dodging        | |  2.6
Shields        | |  2.6

Action                   |  1- 3 |  4- 6 |  7- 9 || total
-------------------------+-------+-------+-------++-------
Melee: Trident           |   100 |   217 |   156 ||   473
  Use: Scroll            |     4 |     5 |     1 ||    10
       Potion            |       |     4 |     4 ||     8
 Stab: Sleeping          |     2 |     2 |     1 ||     5
  Eat: Chunk             |     1 |     7 |     4 ||    12
Armor: Robe              |    12 |    33 |    15 ||    60
Dodge: Dodged            |    24 |    55 |    37 ||   116
Block: Shield            |    39 |    60 |    40 ||   139
